Map: Temple of the Past

Players

Cueball

  • Race: Protoss Protoss
  • Spawn Location: 0:00

NamroodTuo

  • Race: Terran Terran
  • Spawn Location: 0:00

VOD

Have the link to the VOD?

Description

Time

  • Played on: Jan. 26, 2023, 9:36 a.m.
  • Length: 26:24
Show
View Real Time Build Order
Export as new Build Order

Cueball Protoss 

Build Orders:  

Get SALT Encoding   

  12  0:11  Probe (Chrono Boost)  
  13  0:25  Probe (Chrono Boost)  
  14  0:39  Probe (Chrono Boost)  
  15  1:08  Pylon  
  15  1:15  Pylon  
  15  1:27  Assimilator  
  15  1:37  Assimilator  
  15  1:45  Pylon  
  15  1:52  Probe (Chrono Boost)  
  16  2:06  Probe (Chrono Boost)  
  17  2:13  Gateway  
  17  2:18  Forge  
  17  2:20  Probe (Chrono Boost)  
  18  2:43  Probe (Chrono Boost)  
  19  2:55  Gateway  
  19  2:57  Probe (Chrono Boost)  
  20  3:11  Probe (Chrono Boost)  
  21  3:21  Cybernetics Core  
  21  3:27  Pylon  
  21  3:34  Pylon  
  21  3:46  Protoss Shields Level 1  
  21  4:15  Dragoon  
  21  4:16  Dragoon  
  21  4:17  Dragoon  
  27  4:29  Dragoon  
  29  5:22  Nexus  
  29  5:32  Assimilator  
  29  5:39  Probe (Chrono Boost)  
  30  5:53  Probe (Chrono Boost)  
  30  5:55  Assimilator  
  31  6:04  Pylon  
  31  6:07  Probe (Chrono Boost)  
  32  6:11  Pylon  
  32  6:21  Probe (Chrono Boost)  
  32  6:26  Protoss Ground Armor Level 1  
  33  6:35  Probe (Chrono Boost)  
  34  7:00  Probe (Chrono Boost)  
  35  7:10  Dragoon  
  35  7:11  Dragoon  
  35  7:12  Dragoon  
  35  7:14  Probe (Chrono Boost)  
  42  7:28  Probe (Chrono Boost)  
  43  7:32  Photon Cannon  
  43  7:37  Photon Cannon  
  43  7:42  Probe (Chrono Boost)  
  44  7:55  Probe (Chrono Boost)  
  45  9:06  Protoss Ground Weapons Level 1  
  45  9:16  Probe (Chrono Boost)  
  45  9:19  Photon Cannon  
  46  9:28  Photon Cannon  
  44  9:30  Probe (Chrono Boost)  
  44  9:33  Photon Cannon  
  44  9:35  Dragoon  
  44  9:36  Dragoon  
  44  9:38  Dragoon  
  44  9:39  Dragoon  
  53  9:40  Dragoon  
  53  9:42  Dragoon  
  53  9:44  Probe (Chrono Boost)  
  53  9:48  Photon Cannon  
  48  10:37  Photon Cannon  
  48  10:40  Photon Cannon  
  48  11:28  Dragoon  
  48  11:29  Dragoon  
  52  11:31  Dragoon  
  52  11:32  Dragoon  
  52  11:33  Dragoon  
  52  11:35  Dragoon  
  60  11:46  Probe (Chrono Boost)  
  61  11:58  Photon Cannon  
  61  12:00  Probe (Chrono Boost)  
  62  12:14  Probe (Chrono Boost), Twilight Council  
  63  12:24  Robotics Facility  
  63  12:27  Robotics Facility  
  63  12:32  Pylon  
  63  12:37  Pylon  
  63  12:45  Pylon  
  63  12:52  Pylon  
  61  13:52  Protoss Shields Level 2  
  61  13:59  Photon Cannon  
  61  14:00  Photon Cannon  
  61  14:26  Immortal  
  61  14:27  Immortal  
  69  14:32  Immortal  
  69  14:34  Immortal  
  69  14:35  Immortal  
  81  16:20  Pylon  
  81  16:23  Trillic Compresion Mesh  
  81  16:30  Stargate  
  81  16:44  Stargate  
  81  16:51  Robotics Bay  
  81  17:02  Protoss Ground Armor Level 2  
  81  17:07  Pylon  
  81  17:50  Fleet Beacon  
  81  17:52  Singularity Charge  
  81  17:58  Improved Barrier  
  81  18:21  Pylon  
  81  18:26  Photon Cannon  
  81  18:27  Photon Cannon  
  77  19:24  Photon Cannon  
  77  19:28  Photon Cannon  
  73  19:43  Immortal  
  73  19:45  Immortal  
  73  19:46  Immortal  
  85  19:50  Immortal  
  85  19:51  Immortal  
  85  19:53  Immortal  
  97  20:02  Disintegration  
  97  20:12  Protoss Ground Weapons Level 2  
  93  22:38  Tempest  
  93  22:39  Tempest  
  101  22:40  Tempest  
  101  22:45  Tempest  
  101  22:46  Tempest  
  101  22:47  Tempest  
Show
View Real Time Build Order
Export as new Build Order

NamroodTuo Terran 

Build Orders:  

Get SALT Encoding   

  12  0:05  SCV  
  13  0:19  SCV  
  14  0:30  Factory  
  14  0:41  SCV  
  15  1:03  Supply Depot  
  15  1:25  SCV  
  16  1:39  SCV  
  17  1:46  Perdition Turret  
  17  1:52  SCV  
  17  1:57  Devastation Turret  
  18  2:09  Devastation Turret  
  18  2:10  SCV  
  19  2:24  SCV  
  19  2:27  Perdition Turret  
  20  2:37  SCV  
  21  2:42  Supply Depot  
  21  2:51  SCV  
  21  2:58  Devastation Turret  
  22  3:05  SCV  
  23  3:18  Engineering Bay  
  23  3:25  Perdition Turret  
  23  3:43  Perdition Turret  
  23  3:58  Devastation Turret  
  23  4:10  SCV  
  24  4:23  SCV  
  24  4:25  Refinery  
  25  4:37  SCV  
  26  4:47  Supply Depot  
  26  4:50  SCV  
  26  4:52  Refinery  
  27  5:04  SCV  
  28  5:18  SCV  
  29  5:25  Armory  
  29  5:31  SCV  
  30  5:45  SCV  
  31  5:58  SCV, Supply Depot  
  32  6:12  SCV, Perdition Turret  
  32  6:13  Perdition Turret  
  33  6:24  Perdition Turret  
  33  6:25  SCV  
  34  6:39  SCV  
  35  6:43  Devastation Turret  
  35  6:47  Perdition Turret  
  35  6:48  Perdition Turret x2  
  35  6:53  SCV  
  35  6:56  Devastation Turret  
  36  7:16  Upgrade Laser Drill Level 1  
  35  7:56  Devastation Turret  
  35  8:03  Command Center  
  35  8:05  SCV  
  36  8:17  Supply Depot  
  36  8:49  Fire-Suppression Systems  
  36  9:00  SCV  
  37  9:13  SCV  
  37  9:19  Spinning Dizzy  
  38  9:27  SCV  
  39  9:32  SCV, Spinning Dizzy  
  40  9:40  SCV  
  40  9:41  Supply Depot  
  40  9:46  SCV  
  40  9:49  KMC Auto-Loaders  
  42  9:52  Starport  
  42  9:54  SCV  
  42  9:59  SCV  
  43  10:08  SCV  
  45  10:13  SCV  
  46  10:21  SCV  
  46  10:27  SCV  
  48  10:31  Upgrade Laser Drill Level 2  
  48  10:35  SCV  
  49  10:40  SCV, Devastation Turret  
  49  10:48  SCV  
  51  10:54  SCV  
  52  11:07  SCV, Refinery  
  53  11:11  Refinery  
  53  11:21  SCV  
  53  11:26  Perdition Turret  
  54  11:34  SCV, Devastation Turret  
  54  11:37  Devastation Turret  
  55  11:44  Devastation Turret  
  55  11:45  Devastation Turret  
  55  11:48  SCV  
  56  11:59  Spinning Dizzy  
  56  12:02  SCV  
  57  12:10  Devastation Turret  
  57  12:15  SCV  
  57  12:17  Starport Tech Reactor  
  58  12:24  Perdition Turret  
  58  12:25  Starport  
  58  12:27  Structure Armor  
  58  12:29  SCV  
  59  12:42  SCV  
  59  12:46  Spinning Dizzy  
  59  12:48  Perdition Turret x2  
  59  12:49  Perdition Turret  
  60  12:50  Perdition Turret x2  
  60  12:56  SCV  
  60  12:58  Spinning Dizzy  
  61  13:03  Spinning Dizzy  
  61  13:13  Spinning Dizzy  
  61  13:18  Spinning Dizzy  
  61  13:27  Hi-Sec Auto Tracking  
  61  13:56  SCV  
  62  14:06  Spinning Dizzy  
  62  14:09  SCV  
  62  14:14  Spinning Dizzy  
  62  14:17  Starport Tech Reactor, Spinning Dizzy  
  62  14:18  Starport  
  62  14:19  Pulse Amplifier  
  63  14:21  SCV  
  63  14:23  SCV  
  65  14:30  Spinning Dizzy, Supply Depot  
  65  14:34  SCV  
  65  14:37  SCV, Regenerative Bio-Steel  
  67  14:48  SCV, Supply Depot  
  68  14:50  SCV  
  69  15:02  SCV  
  69  15:06  Supply Depot  
  70  15:15  SCV  
  70  15:18  Supply Depot  
  71  15:29  SCV  
  72  15:32  Perdition Turret  
  72  15:33  Devastation Turret  
  72  15:36  Devastation Turret  
  72  15:39  Devastation Turret  
  72  15:42  Devastation Turret  
  72  15:51  Starport Tech Reactor  
  72  15:53  Improved Nano-Repair  
  72  15:58  Devastation Turret  
  72  15:59  Science Vessel  
  74  16:00  Science Vessel, Wraith  
  74  16:01  Wraith  
  74  16:07  Advanced Optics  
  74  16:08  Devastation Turret  
  80  16:10  Devastation Turret  
  80  16:12  Devastation Turret  
  80  16:14  Devastation Turret  
  80  16:32  Devastation Turret  
  80  16:45  Wraith x4  
  80  16:47  Wraith  
  90  16:58  Perdition Turret  
  90  17:00  Perdition Turret x2  
  90  17:02  Perdition Turret  
  90  17:45  Spinning Dizzy  
  90  17:46  Spinning Dizzy  
  90  17:52  Spinning Dizzy  
  90  17:57  Spinning Dizzy  
  90  18:07  Terran Vehicle and Ship Weapons Level 1  
  90  18:12  Spinning Dizzy  
  90  18:15  Spinning Dizzy  
  90  18:16  Spinning Dizzy  
  90  18:17  Science Vessel  
  90  18:18  Wraith  
  94  18:27  Spinning Dizzy  
  94  18:36  Spinning Dizzy  
  94  18:39  Spinning Dizzy  
  94  18:42  Devastation Turret  
  94  18:47  Devastation Turret  
  94  18:59  Devastation Turret  
  94  19:01  Devastation Turret  
  94  19:09  Devastation Turret  
  94  19:35  Devastation Turret  
  94  19:36  Devastation Turret  
  94  19:47  Devastation Turret  
  94  19:48  Devastation Turret  
  92  20:03  Devastation Turret  
  86  20:11  Devastation Turret  
  86  20:18  Science Vessel, Wraith  
  86  20:19  Science Vessel, Wraith x3  
  96  20:23  Devastation Turret x2  
  96  20:37  Devastation Turret  
  96  20:43  Devastation Turret  
  96  20:47  Terran Vehicle And Ship Armor Level 1  
  96  20:48  Devastation Turret  
  96  20:55  Perdition Turret  
  96  20:56  Perdition Turret  
  92  21:12  Perdition Turret  
  92  21:13  Perdition Turret  
  92  21:19  Devastation Turret  
  92  22:05  Spinning Dizzy  
  92  22:10  Spinning Dizzy  
  92  22:13  Spinning Dizzy  
  92  22:16  Spinning Dizzy  
  92  22:21  Spinning Dizzy  
  92  22:27  Wraith  
  92  22:28  Science Vessel, Wraith x2  
  92  22:29  Wraith x2  
  104  22:34  Spinning Dizzy  
  104  22:39  Spinning Dizzy  
  104  22:45  Spinning Dizzy  
  104  22:47  Spinning Dizzy  
  104  22:48  Spinning Dizzy  
  104  23:04  Spinning Dizzy  
  104  23:07  Wraith  
  104  23:08  Spinning Dizzy, Wraith  
  106  23:14  Wraith  
  106  23:15  Wraith  
  106  23:17  Spinning Dizzy  
  106  23:19  Spinning Dizzy  
  110  23:20  Spinning Dizzy  
  110  23:35  Spinning Dizzy  
  110  23:39  Wraith x2  
  110  23:47  Wraith  
  110  23:48  Wraith  
  108  23:54  Wraith  
  108  23:55  Wraith  
  104  24:19  Wraith x2  
  108  24:25  Perdition Turret  
  108  24:27  Perdition Turret, Wraith  
  108  25:32  Wraith  
  110  25:44  Supply Depot  
  110  25:45  Supply Depot  
  110  25:47  Supply Depot  
  110  25:49  Supply Depot  
Tags
 
Add a new tag
Caveats
  • Supply blocks, unpowered buildings, or Contaminate may cause inaccurate times.
  • Supply counts are checked every 10 seconds.